 Dungeon Crawl Stone Soup version 0.27-a0-1193-g8631133539 (webtiles) character file.

Game seed: 3479076681920693652

181 robertstho the Magician (level 5, -4/37 HPs)
             Began as a Djinni Fire Elementalist on May 26, 2021.
             Slain by an ogre
             ... wielding a +0 giant spiked club
              (35 damage)
             ... on level 4 of the Dungeon.
             The game lasted 00:03:27 (3922 turns).

robertstho the Magician (Djinni Fire Elementalist)  Turns: 3922, Time: 00:03:27

Health: -4/37      AC:  2    Str:  7    XL:     5   Next: 92%
Gold:   100        EV: 12    Int: 18    God:
                   SH:  0    Dex: 13

rFire    + + .     SeeInvis .   q - +2 dagger (venom)
rCold    x . .     Faith    .   (no shield)
rNeg     . . .     Spirit   .   a - +0 robe
rPois    ∞         Reflect  .   (no helmet)
rElec    .         Harm     .   (no cloak)
rCorr    .         Rampage  .   (no gloves)
Will     .....                  (boots unavailable)
Stlth    ++........             (no amulet)
HPRegen  0.12/turn              (no ring)
MPRegen  0.00/turn              (no ring)

@: flying, very slightly contaminated
A: sickness immunity, fire resistance 2, cold vulnerability 1, float, innate
caster, hp casting, extra vitality 1
a: no special abilities


You were on level 4 of the Dungeon.
You visited 1 branch of the dungeon, and saw 4 of its levels.

You collected 100 gold pieces.

Inventory:

Hand Weapons
 g - a +0 scimitar
 q - a +2 dagger of venom (weapon)
Armour
 a - a +0 robe (worn)
Jewellery
 d - an amulet of faith
 f - a ring of flight
Wands
 r - a wand of flame (14)
Scrolls
 e - 2 scrolls of identify {unknown}
 h - 2 scrolls of magic mapping {unknown}
 k - 2 scrolls of blinking {unknown}
 l - a scroll of brand weapon {unknown}
 m - a scroll of noise {unknown}
 p - a scroll of fog {unknown}
Potions
 b - 3 potions of curing {unknown}
 c - a potion of resistance {unknown}
 i - a potion of berserk rage {unknown}
 j - a potion of attraction {unknown}
 n - 3 potions of degeneration {unknown}
 o - a potion of heal wounds {unknown}


   Skills:
 * Level 1.1 Fighting
 + Level 0.1 Long Blades
 + Level 2.4 Dodging
 + Level 2.0 Stealth
 * Level 4.3 Spellcasting


You couldn't memorise any spells.
You knew the following spells:

 Your Spells              Type           Power      Damage    Failure   Level
a - Foxfire               Conj/Fire      76%        2x1d7     2%          1
b - Conjure Flame         Conj/Fire      19%        6-21      7%          3
c - Inner Flame           Hex/Fire       19%        N/A       7%          3
d - Sticky Flame          Conj/Fire      19%        2d4       24%         4
e - Fireball              Conj/Fire      9%         3d6       54%         5
f - Sting                 Tmut/Pois      76%        1d6       2%          1
g - Slow                  Hex            19%        N/A       3%          2
Your spell library was empty.

Dungeon Overview and Level Annotations

Branches:
Dungeon (4/15)
 Temple: D:4-7

Altars:

Shops:
D:1 =*


Innate Abilities, Weirdness & Mutations

You are immune to sickness and miasma.
You are immune to poison.
Your flesh is very heat resistant. (rF++)
You are vulnerable to cold. (rC-)
You float through the air rather than walking.
You learn spells naturally, not from books.
Your magical power is your life essence.
You have superior vitality. (+4 HP)


Message History

You conjure some foxfire!
The foxfire hits the ogre.
The ogre is lightly wounded.
The foxfire hits the ogre.
The ogre is lightly wounded.
The foxfire hits the ogre.
The ogre is lightly wounded.
The foxfire hits the ogre.
The ogre is moderately wounded.
Casting: Foxfire (safe; 2% risk of failure)
Press: ? - help, Q - select action, (/) - cycle Dir - look around, f - activate You miscast Foxfire.
You are very lightly contaminated with residual magic.
Nothing appears to happen.
The foxfire hits the ogre.
The ogre is moderately wounded.
The foxfire hits the ogre.
The ogre is heavily wounded.
Casting: Foxfire (safe; 2% risk of failure)
Press: ? - help, Q - select action, (/) - cycle Dir - look around, f - activate You conjure some foxfire!
The foxfire hits the ogre.
The ogre is heavily wounded.
Unknown command.
Casting: Foxfire (safe; 2% risk of failure)
Press: ? - help, Q - select action, (/) - cycle Dir - look around, f - activate You conjure some foxfire!
The foxfire hits the ogre.
The ogre is severely wounded.
Unknown command.
Casting: Foxfire (safe; 2% risk of failure)
Press: ? - help, Q - select action, (/) - cycle Dir - look around, f - activate You conjure some foxfire!
The foxfire hits the ogre.
The ogre is severely wounded.
The foxfire hits the ogre but does no damage.
The ogre is severely wounded.
The ogre hits you with a +0 giant spiked club!!
Ouch! That really hurt!
You die...

#....##.(.......
####.##............
#.##.........$..
####.##............
#.....#............
#..†.(#............
#.....#............
#.........v........
#.........v@O.?....
#.........§.(......
##.....#............
.......#..##########
#.......#..#
#.......#..#
##.........#
#.........#
#.........#


You could see an ogre (ally target).

Vanquished Creatures
  A jelly (D:4)
  An orc wizard (D:3)
  5 adders
  An adder skeleton (D:4)
  A worm (D:3)
  2 dart slugs
  3 orcs (D:3)
  6 ball pythons
  3 bats
  5 endoplasms
  2 giant cockroaches
  5 goblins
  8 hobgoblins
  4 jackals (D:2)
  3 quokkas (D:1)
  10 kobolds
  2 rats
62 creatures vanquished.

Vanquished Creatures (others)
  303 foxfires
303 creatures vanquished.

Grand Total: 365 creatures vanquished

Notes
Turn   | Place    | Note
-------+----------+-------------------------------------------
     0 | D:1      | robertstho the Djinni Fire Elementalist began the quest for
                  | the Orb.
     0 | D:1      | Reached XP level 1. HP: 15/15 MP: 0/0
   234 | D:1      | Found Tysamisae's General Store.
   239 | D:1      | Reached XP level 2. HP: 15/21 MP: 0/0
   388 | D:1      | Found Xunkimn's Jewellery Shoppe.
   530 | D:1      | Found a faded altar of an unknown god.
  1024 | D:1      | Reached skill level 3 in Spellcasting
  1098 | D:1      | Reached XP level 3. HP: 20/25 MP: 0/0
  1098 | D:1      | Learned a level 1 spell: Sting
  1550 | D:2      | Reached XP level 4. HP: 18/31 MP: 0/0
  3138 | D:3      | Reached XP level 5. HP: 29/36 MP: 0/0
  3138 | D:3      | Learned a level 2 spell: Slow
  3142 | D:3      | Reached skill level 4 in Spellcasting
  3456 | D:4      | Reached skill level 1 in Fighting
  3915 | D:4      | Noticed an ogre
  3922 | D:4      | Slain by an ogre

Illustrated notes

Levels and vault maps discovered:
D:1:      dpeg_arrival_tiny_c, layout_rooms, serial_shops, shop, shop_statue,
          hellmonk_ecumenical_altar_lost_god, minivault_24
D:2:      layout_loops_cross
D:3:      layout_basic
D:4:      layout_basic

Skill      XL: |  1  2  3  4  5 |
---------------+----------------+-----
Spellcasting   | 3 4 |  4.3
Stealth        | 2 |  2.0
Fighting       | 1 |  1.1
Long Blades    | |  0.1
Dodging        | |  2.4

Action                   |  1- 3 |  4- 6 || total
-------------------------+-------+-------++-------
 Cast: Foxfire           |    69 |   107 ||   176
Armor: Robe              |       |     3 ||     3
Dodge: Dodged            |     3 |    14 ||    17
       Rpst.: Scimitar   |       |     6 ||     6

Table legend: (Time is in decaauts)
 A = Elapsed time spent in this place.
 B = Non-inter-level travel time spent in this place.
 C = Inter-level travel time spent in this place.
 D = Time resting spent in this place.
 E = Time spent auto-exploring this place.
 F = Levels seen in this place.
 G = Mean time per level.
                   A        B        C        D        E       F      G
               +--------+--------+--------+--------+--------+-----+--------+
         Total |   3920 |   3831 |     89 |      0 |   3426 |   4 |  980.0 |
       Dungeon |   3920 |   3831 |     89 |      0 |   3426 |   4 |  980.0 |
               +--------+--------+--------+--------+--------+-----+--------+

Top non-repeatable levels by time:
     D:2: 1262 daAuts
     D:1: 1207 daAuts
     D:3: 973 daAuts
     D:4: 476 daAuts
